Celery, neutral female gnomish Wizard # ------------.--- ----- --------------- ##................# |<*.| |%%.%%%.%%%.(.| ###|..............| # |...| |%%%%%.%%%(...| ###........[.......##########-...| |%%.%%(]%%%:.%| #####-----.----.----- # ----- |%((%%%(......| # ## ## ## |%%%%%%%%%.[%@G#######% # # # --------------- # # ### ### ### # # # # % ################ ### # ---.-########## #------# |...| ---.---- ###|....|# |...| |+.....| ----- # |....-# |(..| |.)....| |...| ### |....| |...| |......| |..>| # ------ |...| -------- |....########## ----- ----- Celery the Thaumaturge Experience level: 7 Strength: 14 Dexterity: 11 Constitution: 15 Intelligence: 18 Wisdom: 13 Charisma: 8 Health: 0(44) Energy: 24(83) AC: 7 Gold: 0 Moves: 3818 Your Inventory: Weapons C - an uncursed +2 sling of reflection U - an uncursed +0 dagger (weapon in hand) Armor b - an uncursed +0 cloak of magic resistance (being worn) A - an [uncursed] +1 helm of brilliance (being worn) B - an [uncursed] +0 pair of levitation boots H - a [cursed +0] cloak of magic resistance named probably cursed Comestibles J - an [uncursed] tin [of dog meat] K - an [uncursed] tin [of bugbear meat] L - an [uncursed] tin [of floating eye meat] M - an [uncursed] tin [of green mold] N - an [uncursed] tin [of lichen] Q - an [uncursed] food ration Scrolls i - an uncursed scroll of food detection j - a blessed scroll of food detection R - an [uncursed] scroll labeled ELAM EBOW [of remove curse] Spellbooks l - a blessed spellbook of force bolt m - an uncursed spellbook of light y - an uncursed spellbook of identify S - an [uncursed] spellbook of magic missile Potions f - 2 uncursed potions of object detection g - an uncursed potion of sleeping h - an uncursed potion of extra healing r - an [uncursed] emerald potion [of booze] u - an [uncursed] fizzy potion [of blindness] G - an [uncursed] indigo potion [of speed] Rings d - an uncursed ring of polymorph e - an uncursed ring of cold resistance Wands c - an uncursed wand of lightning (0:5) D - an [uncursed] bronze wand [of undead turning (0:5)] V - an [uncursed] wand of magic missile [0:0] Tools n - an uncursed magic marker (0:58) s - a [blessed] crystal ball [0:1] Gems E - an [uncursed] violet gem [worthless glass] T - 2 [uncursed] red gems [worthless glass] Spells known in the end: Name Level Category Fail Memory a - force bolt 1 attack 0% [|||||||.] b - light 1 divination 0% [|||||||.] c - magic missile 2 attack 0% [||||||||] d - cause fear 3 enchantment 0% [||||||||] e - identify 3 divination 0% [||||||||] Your skills at the end: Fighting Skills Weapon Skills quarterstaff [Basic / Expert] Spellcasting Skills attack spells [Basic / Expert] divination spells [Basic / Expert] enchantment spells [Basic / Skilled] Final Attributes: You were piously aligned. Hunger level was 448. Your alignment was 28 / 29. Monster difficulty range was 0 - 6. Level difficulty was 5. You were magic-protected. You had infravision. Your luck was zero. You are dead. Vanquished creatures: 3 small mimics a jaguar a mountain nymph a gnome lord a straw golem a dwarf 18 hill orcs 2 rothes 3 orc zombies a wererat an acid blob 2 coyotes a gas spore a hobbit 2 large kobolds 3 hobgoblins 3 giant rats a brown mold a green mold a red mold a garter snake 5 geckos 2 jackals 2 kobolds 3 goblins 2 sewer rats 5 grid bugs a bat 6 lichens 6 kobold zombies 4 newts 85 creatures vanquished. Voluntary challenges: You used a wielded weapon 53 times. You read items or engraved 12 times. You put on armor 5 times. You never genocided any monsters. You never polymorphed an object. You never changed form. You used no wishes. You never wrote Elbereth's name. You never encountered a bones level. You never used any Sokoban shortcuts. Dungeon overview: The Dungeons of Doom: levels 1 to 5 Level 1 a fountain a long staircase Level 2 a fountain Level 3 a general store a long staircase Level 4 a fountain Level 5 <- You were here a tin shop History has recorded: On T:1 you entered the Dungeons of Doom to retrieve the Amulet of Yendor! On T:58 you reached level 2 of The Dungeons of Doom. On T:305 you advanced to experience level 2. On T:507 you advanced to experience level 3. On T:1056 you advanced to experience level 4. On T:1341 you reached level 3 of The Dungeons of Doom. On T:1626 you advanced to experience level 5. On T:2225 you reached level 4 of The Dungeons of Doom. On T:2432 you advanced to experience level 6. On T:2854 you reached level 5 of The Dungeons of Doom. On T:3328 you advanced to experience level 7. Latest messages: [13 turns] [HP+1=30] You hear some noises in the distance. [HP+1=31] You hear crashing rock. [HP+1=32] There are many objects here. [HP+1=33] [HP+1=34] [HP+1=35] [HP+1=36] [HP+1=37] [HP+1=38] [HP+1=39] [HP+1=40] [HP+1=41] [HP+1=42] You hear the chime of a cash register. [HP+1=43] [HP+1=44] You hear crashing rock. The dungeon acoustics noticeably change. "So, Celery, you dare return to Sala's canned food factory?!" Sala hits! (4x) You die... Sala takes all your possessions. Final status: Goodbye Celery the Wizard... You died in The Dungeons of Doom on dungeon level 5 with 2284 points, and 0 pieces of gold, after 3818 moves. You were level 7 with a maximum of 44 hit points when you died.